 Dungeon Crawl Stone Soup version 0.28-a0-1415-g7c84da036a (webtiles) character file.

Game seed: 2251127959180254541

210 parzival7114810 the Skirmisher (level 5, -3/70 HPs)
             Began as a Minotaur Fighter on Jan 7, 2022.
             Slain by a gnoll (10 damage)
             ... on level 5 of the Dungeon.
             The game lasted 00:08:15 (1878 turns).

parzival7114810 the Skirmisher (Minotaur Fighter)   Turns: 1878, Time: 00:08:16

Health: -3/70      AC: 22    Str: 23    XL:     5   Next: 57%
Magic:  4/4        EV:  2    Int:  5    God:
Gold:   73         SH:  5    Dex:  9    Spells: 4/4 levels left

rFire   + . .      SeeInvis .   g - staff of fire
rCold   . . .      Faith    .   c - +1 buckler
rNeg    . . .      Spirit   .   (armour currently unavailable)
rPois   +          Reflect  .   (helmet currently unavailable)
rElec   .          Harm     .   (cloak currently unavailable)
rCorr   .          Rampage  .   (gloves currently unavailable)
Will    .....      NoTele   +   (boots currently unavailable)
Stlth   +.........              (no amulet)
HPRegen 0.21/turn               (no ring)
MPRegen 0.09/turn               (no ring)

@: mighty, tree-form
A: stationary, stasis, torment immunity, boosted hp, (horns 2), (retaliatory
headbutt)
a: no special abilities


You were on level 5 of the Dungeon.
You were a tree.
You visited 1 branch of the dungeon, and saw 5 of its levels.

You collected 73 gold pieces.

Inventory:

Hand Weapons
 a - a +0 vorpal war axe
 e - a +0 hunting sling
Armour
 b - a +0 scale mail (melded)
 c - a +1 buckler (worn)
Magical Staves
 g - a staff of fire (weapon)


   Skills:
 + Level 4.8 Fighting
 + Level 4.3 Axes
 + Level 1.8 Staves
 + Level 4.6 Armour
 + Level 1.3 Dodging
 + Level 4.1 Shields


You had 4 spell levels left.
You didn't know any spells.
Your spell library was empty.

Dungeon Overview and Level Annotations

Branches:
Dungeon (5/15)             Temple (0/1) D:4

Altars:

Shops:
D:2 :   D:3 *


Innate Abilities, Weirdness & Mutations

You are a tree.
Your roots penetrate the ground, keeping you stationary.
You cannot be teleported.
You are immune to unholy pain and torment.
Your maximum health is greatly increased.
Your equipment is partially melded.
((You have a pair of horns on your head.))
((You reflexively headbutt those who attack you in melee.))


Message History

The ice beast is heavily wounded.
The adder barely misses you. You furiously retaliate!
You headbutt the adder. The ice beast completely misses you.
The gnoll barely misses you. The adder bites you but does no damage.
The ice beast hits you. The ice beast freezes you!
* * * LOW HITPOINT WARNING * * *
Really quaff the potion of lignification? [Y]es or [N]o only, please.
Really quaff the potion of lignification? [Y]es or [N]o only, please.
Really quaff the potion of lignification? [Y]es or [N]o only, please.
Really quaff the potion of lignification? [Y]es or [N]o only, please.
Really quaff the potion of lignification? [Y]es or [N]o only, please.
Really quaff the potion of lignification? [Y]es or [N]o only, please.
Really quaff the potion of lignification?
You turn into a tree.
Your +0 scale mail melds into your body.
Your roots penetrate the ground.
The gnoll hits you from afar with a +0 halberd.
* * * LOW HITPOINT WARNING * * *
The adder bites you but does no damage. The ice beast barely misses you.
Unknown command.
The gnoll hits you from afar with a +0 halberd.
* * * LOW HITPOINT WARNING * * *
The adder barely misses you.
The ice beast hits you but does no damage.
You closely miss the ice beast.
The ice beast is heavily wounded.
You block the adder's attack. The gnoll hits you but does no damage.
You block the adder's attack. You block the ice beast's attack.
The gnoll hits you but does no damage.
You hit the ice beast!
The ice beast is almost dead.
You block the adder's attack. You block the ice beast's attack.
The gnoll hits you from afar with a +0 halberd!
You die...

#.... #... #..#
#..# #(.####.#
#.<.....#
#.......#
#.#####.####.##
#gghS♣Y........
#...#g###.####.##.
# # #.# #.. ####


You could see an ice beast, a hound, 3 gnolls and an adder.

Vanquished Creatures
  An ogre (D:4)
  A water moccasin skeleton (D:4)
  A gnoll (D:5)
  2 adders
  3 dart slugs
  4 ball pythons
  An endoplasm (D:2)
  A giant cockroach (D:3)
  8 goblins
  2 hobgoblins
  5 jackals
  3 kobolds
  A quokka (D:4)
  A bat (D:2)
  3 frilled lizards (D:1)
  4 rats
41 creatures vanquished.

Vanquished Creatures (others)
  3 plants (D:1)
3 creatures vanquished.

Grand Total: 44 creatures vanquished

Notes
Turn   | Place    | Note
-------+----------+-------------------------------------------
     0 | D:1      | parzival7114810 the Minotaur Fighter began the quest for
                  | the Orb.
     0 | D:1      | Reached XP level 1. HP: 19/19 MP: 0/0
    84 | D:1      | Reached XP level 2. HP: 27/27 MP: 1/1
   215 | D:2      | Found Gurhur's Book Boutique.
   321 | D:2      | Reached XP level 3. HP: 29/33 MP: 2/2
   497 | D:3      | Found Yseskacurph's General Store.
   686 | D:3      | Identified a scroll of acquirement
   686 | D:3      | Acquired a staff of fire
  1037 | D:4      | Reached skill level 1 in Dodging
  1037 | D:4      | Reached XP level 4. HP: 23/41 MP: 3/3
  1510 | D:4      | Found a staircase to the Ecumenical Temple.
  1595 | D:4      | Noticed an ogre
  1605 | D:4      | Killed an ogre
  1606 | D:4      | Reached skill level 1 in Staves
  1606 | D:4      | Reached XP level 5. HP: 25/47 MP: 4/4
  1854 | D:5      | Entered Level 5 of the Dungeon
  1866 | D:5      | Noticed an ice beast
  1878 | D:5      | Slain by a gnoll

Illustrated notes

Levels and vault maps discovered:
D:1:      dpeg_arrival_yet_another_circle, layout_loops_ring,
          ebering_ecumenical_altar_box, serial_bayou_crossing
D:2:      minmay_evil_eye, layout_loops_ring, serial_shops, shop,
          nicolae_shop_competitors_out_of_business, shop,
          minmay_misc_feat_hallway, st_stairs_12
D:3:      layout_basic, serial_shops, shop, minmay_misc_feat_x,
          uniq_crazy_yiuf_cottage
D:4:      layout_basic, makhleb_blood_cavern_becter, temple_fountains,
          uniq_grinder
D:5:      layout_basic, mainiacjoe_overflow_catwalk, serial_shops,
          kennysheep_mini_moat, uniq_blork_the_orc

Skill      XL: |  1  2  3  4 |
---------------+-------------+-----
Fighting       | 4 |  4.8
Axes           | 3 4 |  4.3
Armour         | 4 |  4.6
Dodging        | 1 |  1.3
Shields        | 4 |  4.1
Staves         | 1 |  1.8

Action                   |  1- 3 |  4- 6 || total
-------------------------+-------+-------++-------
Melee: War axe           |    45 |       ||    45
       Headbutt          |    13 |     4 ||    17
       Staff             |    17 |    27 ||    44
  Use: Scroll            |     6 |     2 ||     8
       Potion            |     1 |     3 ||     4
Armor: Scale mail        |    32 |    13 ||    45
       Skin              |       |     4 ||     4
Dodge: Dodged            |    33 |    29 ||    62
Block: Buckler           |    15 |    13 ||    28

Table legend: (Time is in decaauts)
 A = Elapsed time spent in this place.
 B = Non-inter-level travel time spent in this place.
 C = Inter-level travel time spent in this place.
 D = Time resting spent in this place.
 E = Time spent auto-exploring this place.
 F = Levels seen in this place.
 G = Mean time per level.
                   A        B        C        D        E       F      G
               +--------+--------+--------+--------+--------+-----+--------+
         Total |   1918 |   1918 |      0 |    932 |      0 |   5 |  383.6 |
       Dungeon |   1918 |   1918 |      0 |    932 |      0 |   5 |  383.6 |
               +--------+--------+--------+--------+--------+-----+--------+

Top non-repeatable levels by time:
     D:4: 915 daAuts
     D:3: 627 daAuts
     D:1: 236 daAuts
     D:2: 113 daAuts
     D:5: 25 daAuts
